 Dungeon Crawl Stone Soup version 0.29.0-4-gdea44cf6ec (webtiles) character file.

Game seed: 781860868756136849

8 Destructed3 the Trooper (level 2, 0/24 HPs)
             Began as a Mummy Fighter on Aug 27, 2022.
             Slain by a ball python (1 damage)
             ... on level 1 of the Dungeon.
             The game lasted 00:00:56 (72 turns).

Destructed3 the Trooper (Mummy Fighter)               Turns: 72, Time: 00:00:57

Health: 0/24       AC:  6    Str: 19    XL:     2   Next: 0%
Magic:  2/2        EV:  6    Int:  7    God:
Gold:   0          SH:  4    Dex: 11    Spells: 1/1 levels left

rFire   x . .      SeeInvis +   a - +0 flail
rCold   + . .      Faith    .   c - +0 buckler
rNeg    + + +      Spirit   .   b - +0 scale mail
rPois   ∞          Reflect  .   (no helmet)
rElec   .          Harm     .   (no cloak)
rCorr   .          Rampage  .   (no gloves)
Will    .....                   (no boots)
Stlth   ..........              (no amulet)
HPRegen 0.08/turn               d - ring of see invisible
MPRegen 0.08/turn               (no ring)

@: constricted
A: cold resistance 1, negative energy resistance 3, torment resistance 2, heat
vulnerability 1, no potions
a: no special abilities


You were on level 1 of the Dungeon.
You visited 1 branch of the dungeon, and saw 1 of its levels.

Inventory:

Hand Weapons
 a - a +0 flail (weapon)
Armour
 b - a +0 scale mail (worn)
 c - a +0 buckler (worn)
Jewellery
 d - a ring of see invisible (left hand)


   Skills:
 + Level 3.2 Fighting
 - Level 1.6 Maces & Flails
 + Level 2.6 Armour
 - Level 2.4 Shields


You had one spell level left.
You didn't know any spells.
Your spell library was empty.

Dungeon Overview and Level Annotations

Branches:
Dungeon (1/15)

Altars:


Innate Abilities, Weirdness & Mutations

You are immune to poison.
Your flesh is cold resistant. (rC+)
You are immune to negative energy. (rN+++)
You are immune to unholy pain and torment.
You are vulnerable to heat. (rF-)
You do not drink.


Message History

The bat is moderately wounded.
The bat hits you but does no damage. x2; The bat barely misses you.
You hit the bat.
You kill the bat!
The bat barely misses you.
You barely miss the bat. You block the bat's attack.
The bat hits you but does no damage.
You barely miss the bat. You block the bat's attack. x2
The bat barely misses you.
You closely miss the bat. The bat hits you but does no damage. x2
You sock the bat!
You kill the bat!
You block the bat's attack. The bat closely misses you.
You hit the bat.
The bat is severely wounded.
The bat closely misses you. The bat barely misses you. The bat hits you.
* * * LOW HITPOINT WARNING * * *
You miss the bat.
The bat is severely wounded.
The bat hits you but does no damage. x2; The bat barely misses you.
You hit the bat but do no damage.
The bat is severely wounded.
The bat hits you but does no damage. The bat closely misses you.
You block the bat's attack. The bat closely misses you.
You sock the bat!
You kill the bat!
The ball python bites you.
* * * LOW HITPOINT WARNING * * *
The ball python grabs you. The ball python constricts you.
You have reached level 2!
You hit the ball python.
The ball python is severely wounded.
The ball python bites you but does no damage.
The ball python constricts you.
You hit the ball python but do no damage.
The ball python is severely wounded.
The ball python bites you.
* * * LOW HITPOINT WARNING * * *
The ball python constricts you. The ball python bites you.
You die...

....#.....##....
.....##.###.......
##...........###.
##...........#...
#......####....[.
..#.#..#...#.... .
.##.##.#.....### ..#
....##..#..#.######....#
# #.....)..).rS@..^....
.....#........####.#####
##############.b......
#b###..## #Sr.....$
#..(..... #........
#.###.... #.. ....


You could see a ball python and a rat.

Vanquished Creatures
  3 bats (D:1)
  2 goblins (D:1)
  A hobgoblin (D:1)
  A kobold (D:1)
7 creatures vanquished.

Notes
Turn   | Place    | Note
-------+----------+-------------------------------------------
     0 | D:1      | Destructed3 the Mummy Fighter began the quest for the Orb.
     0 | D:1      | Reached XP level 1. HP: 18/18 MP: 1/1
    39 | D:1      | Found a faded altar of an unknown god.
    71 | D:1      | Reached XP level 2. HP: 2/24 MP: 2/2
    72 | D:1      | HP: 1/24 [ball python (1)]
    72 | D:1      | Slain by a ball python

Illustrated notes

Levels and vault maps discovered:
D:1:      erik_arrival_blinker_ship, layout_basic,
          hellmonk_ecumenical_altar_lost_god, st_stairs_6

Action                   || total
-------------------------++-------
Melee: Flail             ||    34
Armor: Scale mail        ||    44
Dodge: Dodged            ||    28
Block: Buckler           ||    12
